 Dungeon Crawl Stone Soup version 0.31.0-12-g77e489cdc1 (webtiles) character file.

Game seed: 16104732626807851265

132 Marvel the Chopper (level 5, -4/46 HPs)
             Began as a Hill Orc Fighter on Feb 14, 2024.
             Was a Priest of Qazlal.
             Killed by divine providence
             ... invoked by an orc priest
              (15 damage)
             ... on level 3 of the Dungeon.
             The game lasted 00:03:13 (2189 turns).

Marvel the Chopper (Hill Orc Fighter)               Turns: 2189, Time: 00:03:13

Health: -4/46      AC:  8    Str: 21    XL:     5   Next: 15%
Magic:  5/5        EV:  9    Int:  8    God:    Qazlal [***...]
Gold:   141        SH:  0    Dex: 10    Spells: 4/4 levels left

rFire   . . .        a - +0 war axe
rCold   . . .        c - +0 buckler
rNeg    . . .        b - +0 scale mail
rPois   .            (no helmet)
rElec   .            (no cloak)
rCorr   .            (no gloves)
SInv    .            l - +0 pair of boots
Will    .....        j - amulet of faith Stlth
                     (no ring)
HPRegen 0.27/turn    (no ring)
MPRegen 0.09/turn

%: faith
@: confused, mighty
A: no striking features
a: Renounce Religion, Convert to Beogh, Upheaval, Elemental Force


You were on level 3 of the Dungeon.
You worshipped Qazlal.
Qazlal was most pleased with you.
You visited 1 branch of the dungeon, and saw 3 of its levels.

You collected 141 gold pieces.

Inventory:

Hand Weapons
 a - a +0 war axe (weapon)
Missiles
 e - 14 poisoned darts (quivered)
Armour
 b - a +0 scale mail (worn)
 c - a +0 buckler (worn)
 l - a +0 pair of boots (worn)
Jewellery
 j - an amulet of faith (around neck)
Scrolls
 g - 3 scrolls of teleportation {unknown}
 h - 2 scrolls of enchant armour {unknown}
 i - a scroll of fog {unknown}
 k - a scroll of noise {unknown}
 p - a scroll of identify {unknown}
 q - a scroll of immolation {unknown}
Potions
 d - 2 potions of might
 f - a potion of ambrosia {unknown}
 m - a potion of brilliance {unknown}
 n - a potion of degeneration {unknown}
 o - 2 potions of berserk rage {unknown}


   Skills:
 + Level 4.2 Fighting
 * Level 5.3 Axes
 + Level 4.0 Armour
 + Level 3.7 Shields


You had 4 spell levels left.
You didn't know any spells.
Your spell library contained the following spells:

 Spells                   Type           Power      Damage    Failure   Level
 Magic Dart               Conj           0%         1d3       80%         1
 Sting                    Conj/Alch      0%         1d3       80%         1
 Ensorcelled Hibernation  Hex/Ice        0%         N/A       91%         2
 Mercury Vapours          Alch/Air       0%         N/A       91%         2
 Searing Ray              Conj           0%         2d4       91%         2
 Passwall                 Erth           0%         N/A       99%         3
 Swiftness                Air            0%         N/A       99%         3
 Fulminant Prism          Conj/Alch      0%         3d5       100%        4
 Olgreb's Toxic Radiance  Alch           0%         N/A       100%        4


Dungeon Overview and Level Annotations

Branches:
Dungeon (3/15)

Altars:
Qazlal
Vehumet


Message History

You closely miss something.
You hear some strange, mumbled words.
Something tries to affect you, but you resist.
You hit something but do no damage.
An orc comes into view. It is wielding a +0 flail.
You hear some strange, mumbled words.
A magic dart appears from out of thin air!
The magic dart hits you. The orc hits you with a +0 hand axe.
You hear some strange, mumbled words.
A magic dart appears from out of thin air!
The magic dart hits you.
You barely miss something. You hit the orc.
The orc priest threatens, "By the altar or by the axe, you will meet Beogh!"
The orc is engulfed in a thunderstorm.
You kill the orc!
Qazlal accepts your kill. You block something's attack.
Your Armour skill increases to level 4!
You miss something. Something hits you.
You closely miss something.
The orc priest invokes the aid of Beogh against you.
Beogh smites you!
* * * LOW HITPOINT WARNING * * *
Something hits you but does no damage.
You feel very mighty all of a sudden.
The orc priest shouts, "Join the one true god or die!"
You hear some strange, mumbled words.
You are confused.
You miss something.
The orc priest mumbles some strange prayers to Beogh against you.
Something writhes in agony!
Reactivating autopickup.
You feel a bit more experienced. The orc hits you but does no damage.
A ribbon worm comes into view.
The orc priest hits you but does no damage.
The orc attacks as it pursues you! The orc hits you but does no damage.
You barely miss the orc priest. You closely miss the orc.
The orc priest invokes the aid of Beogh against you.
Beogh smites you!
You die...

#. ##...#.#. #
####......
#[...##### .
#.#### # .. #.#
.#.#### #.#
#w..... #.#
#......## #.#
#..@#######.#
#....#oo.......#
####..)#########
##.## #. #. ..
##


You could see a ribbon worm, an orc priest and an orc.

Vanquished Creatures
  2 adders (D:2)
  3 gnolls (D:3)
  A dart slug (D:1)
  2 orcs (D:3)
  8 endoplasms
  3 giant cockroaches
  5 hobgoblins
  3 jackals (D:1)
  6 kobolds
  3 quokkas
  4 ball pythons
  6 bats
  2 frilled lizards (D:1)
  5 goblins
  9 rats
62 creatures vanquished.

Vanquished Creatures (others)
  An orc wizard (D:3)
1 creature vanquished.

Grand Total: 63 creatures vanquished

Notes
Turn   | Place    | Note
-------+----------+-------------------------------------------
     0 | D:1      | Marvel the Hill Orc Fighter began the quest for the Orb.
     0 | D:1      | Reached XP level 1. HP: 19/19 MP: 1/1
   174 | D:1      | Reached skill level 3 in Axes
   259 | D:1      | Reached XP level 2. HP: 17/27 MP: 2/2
   337 | D:1      | Found a faded altar of an unknown god.
   533 | D:1      | Prayed at the altar of an unknown god.
   533 | D:1      | Became a worshipper of Qazlal Stormbringer
   533 | D:1      | Reached * piety under Qazlal
   877 | D:1      | Reached XP level 3. HP: 33/33 MP: 3/3
  1223 | D:2      | Reached ** piety under Qazlal
  1247 | D:2      | Reached skill level 4 in Axes
  1364 | D:2      | Reached XP level 4. HP: 31/40 MP: 4/4
  1803 | D:3      | Reached skill level 5 in Axes
  2126 | D:3      | Found a radiant altar of Vehumet.
  2177 | D:3      | Reached *** piety under Qazlal
  2180 | D:3      | Reached XP level 5. HP: 46/46 MP: 5/5
  2189 | D:3      | Killed from afar by an orc priest

Illustrated notes

Levels and vault maps discovered:
D:1:      dpeg_arrival_boxes_within_box, layout_loops_ring,
          ebering_ecumenical_altar_hall, corner_web_ring, patterned_corridor
D:2:      minmay_recursive_quarters, layout_rooms, minmay_misc_feat_square
D:3:      layout_loops_ring, nicolae_vehumet_radiance

Skill      XL: |  1  2  3  4  5 |
---------------+----------------+-----
Axes           | 3 4 5 |  5.3
Fighting       | 4 |  4.2
Armour         | 4 |  4.0
Shields        | |  3.7

Action                     |  1- 3 |  4- 6 || total
---------------------------+-------+-------++-------
  Melee: War axe           |   116 |    42 ||   158
    Use: Potion            |       |     1 ||     1
 Armour: Scale mail        |    73 |    28 ||   101
  Dodge: Dodged            |    54 |     9 ||    63
  Block: Buckler           |    41 |    17 ||    58
